AoeStats
← alrocd01

Arabia

510802324Analyzed
1v1 RM · 15h ago on Oct 2, 2026· 23m 13s· 2 players
Game mode
Random Map
Map size
Tiny (2 player)
Population
200
Speed
Normal
Resources
Standard
Victory
Conquest
Starting age
Dark Age
Ending age
Imperial Age
RankedLock teamsTeams togetherTeam positionsShared explorationLock speedFull tech treeHidden civsTurbo modeCheats
Victory
Defeat
🇺🇸 Persians · United States
891
+15
🇨🇷 Byzantines · Costa Rica
871
-15
alrocd01
12:05 Feudal Age
18:40 Castle Age
17:13 Double-Bit Axe
FiestaParty
6:54 Loom
8:59 Feudal Age
9:25 Double-Bit Axe
14:20 Horse Collar
16:25 Horse Collar
20:29 Castle Age
19:36 Wheelbarrow
19:15 Scale Barding Armor
19:23 Bloodlines
20:39 Forging
21:44 Bow Saw
23:50 Husbandry
Connection lost

Rejoining the realm…

Still unreachable

The connection could not be restored.

Session expired

The server has moved on; the page needs a fresh start.